 Dungeon Crawl Stone Soup version 0.13-a0-2060-gccfd96d (webtiles) character file.

19818 JacquesDerrida the Sharpshooter (level 12, -3/69 HPs)
             Began as a Kobold Hunter on June 26, 2013.
             Was a Believer of the Shining One.
             Slain by a spiny frog (16 damage)
             ... on Level 5 of the Lair of Beasts.
             The game lasted 01:30:00 (16848 turns).

JacquesDerrida the Sharpshooter (Kobold Hunter)    Turns: 16848, Time: 01:30:00

HP  -3/69        AC 12     Str 12 (13) XL: 12   Next: 90%
MP  27/27        EV 15     Int 11      God: the Shining One [**....]
Gold 386         SH  0     Dex 16 (17) Spells:  0 memorised, 11 levels left

Res.Fire  : + + .   See Invis. : .   b - +2 crossbow
Res.Cold  : . . .   Warding    : .   h - +5 ring mail of the Vacuum {Acc+3}
Life Prot.: + . .   Conserve   : .   (no shield)
Res.Poison: .       Res.Corr.  : .   (no helmet)
Res.Elec. : .       Clarity    : .   N - +1 dwarf cloak
Sust.Abil.: . .     Spirit.Shd : .   (no gloves)
Res.Mut.  : .       Stasis     : .   (no boots)
Res.Rott. : .       Flight     : .   F - amulet of the Original Sin {Inacc Contam r Saprovore : + + . (no ring) (no ring)

@: very slightly contaminated, glowing, very resistant to hostile enchantments,
very unstealthy
A: disease resistance, carnivore 3, saprovore 2
a: Divine Shield, Renounce Religion


You were on level 5 of the Lair of Beasts.
You worshipped the Shining One. the Shining One was greatly pleased with you.
You were very full.

You visited 3 branches of the dungeon, and saw 17 of its levels.
You also visited: Volcano.

You collected 625 gold pieces.
You spent 259 gold pieces at shops.

Inventory:

Hand weapons
 a - a +4,+4 dwarven hand axe of chopping
 b - a +2,+2 crossbow (weapon)
Missiles
 c - 22 bolts (quivered)
Armour
 d - a +1 leather armour
 e - a +1 orcish robe of cold resistance
 h - the +5 ring mail of the Vacuum (worn) {Acc+3}
   (You found it on level 2 of the Lair of Beasts)

   It affects your accuracy (+3).
 N - a +1 dwarven cloak (worn)
Magical devices
 g - a wand of confusion (11)
 r - a wand of cold (0)
 y - a wand of frost (7)
 I - a wand of flame (1)
 J - a wand of confusion (12)
 K - a wand of slowing (11)
 L - a wand of disintegration (0)
Comestibles
 f - 3 meat rations
 A - 3 rotting chunks of sheep flesh
Scrolls
 k - 4 scrolls of teleportation
 t - 2 scrolls of magic mapping
 u - 3 scrolls of remove curse
 w - a scroll of amnesia {unknown}
 x - 7 scrolls of identify
 E - 2 scrolls of fog
Jewellery
 o - an uncursed amulet of rage
 q - an uncursed ring of fire {unknown}
 F - the amulet of the Original Sin (around neck) {Inacc Contam rF++ MR++}
   (You found it on level 4 of the Dungeon)

   [amulet of inaccuracy]

   It greatly protects you from fire.
   It affects your resistance to hostile enchantments.
   It causes magical contamination when unequipped.
Potions
 i - a potion of berserk rage
 j - 2 potions of restore abilities
 l - a potion of speed
 n - a potion of poison
 s - 2 potions of might
 v - a potion of resistance
 z - a potion of invisibility
 D - 3 potions of brilliance
 O - a potion of magic
 W - 2 potions of heal wounds
 X - 2 potions of curing
Miscellaneous
 p - a box of beasts


   Skills:
 + Level 7.0 Fighting
   Level 2.3 Short Blades
 - Level 3.1 Axes
 - Level 17.6 Crossbows
 + Level 9.3 Dodging
 - Level 1.3 Stealth
 - Level 13.4 Evocations


You had 11 spell levels left.
You didn't know any spells.

Dungeon Overview and Level Annotations

Branches:
Dungeon (11/27)            Temple (1/1) D:4             Orc (0/4) D:10
   Lair (5/8) D:11         Shoals (0/5) Lair:3
  Swamp: Lair:3-6     Snake: Lair:3-6    Spider: Lair:3-6

Altars:
Ashenzari
Cheibriados
Elyvilon
Fedhas
Kikubaaqudgha
Makhleb
Nemelex Xobeh
Okawaru
Sif Muna
Trog
Vehumet
Xom
Yredelemnul
Zin
the Shining One

Shops:
D:10: !

Annotations
D:11 exclusion: lava snake


Innate Abilities, Weirdness & Mutations

You recuperate from illness quickly.
You are small and have problems with some larger weapons.
You are carnivorous and can eat meat at any time.
You can eat rotten meat.


Message History

You shoot a bolt. The bolt hits the spiny frog.
The spiny frog is moderately wounded.
Firing (i - inventory. (,) - cycle):
c - 24 bolts (quivered)
Press: ? - help, Shift-Dir - straight line, f - spiny frog
Aim: a spiny frog (moderately wounded, haloed)
You shoot a bolt. The bolt hits the spiny frog.
The spiny frog is heavily wounded.
The spiny frog barely misses you.
Firing (i - inventory. (,) - cycle):
c - 23 bolts (quivered)
Press: ? - help, Shift-Dir - straight line, f - spiny frog
Aim: a spiny frog (heavily wounded, haloed)
You shoot a bolt. The bolt hits the spiny frog.
The spiny frog is severely wounded.
The spiny frog stings you!
* * * LOW HITPOINT WARNING * * *
You are poisoned.
The spiny frog poisons you!
Drink which item? (? for menu, Esc to quit)
You feel better. The spiny frog stings you!
You die...

#... #....#...# .# #....
#...#....# ... ###....
#........# ....## ##
.....####.......## #....#
##.##....#.#.......P# #..f.#
#........#..........# #.....
##...............### #.....
#.#...............# #####....
#...((((..((F@..## ##.# ##...
#...l#..#.##.....####.####...#
#...###########...#.....##..##
##..# #..............# #f..#
#.............## #....
#.##....###.### #Pf..# #..
###.## ##.# ##P... #.. ### ###
##.#.. ...


You could see a spiny frog.

Vanquished Creatures
  A hydra (Lair:2)
  The ghost of nago the Severer, a powerful LOSk of Okawaru (Lair:1)
  Nergalle (Lair:1)
  3 hill giants
  An unseen horror (D:11)
  A hydra skeleton (D:10)
  2 black mambas
  2 trapdoor spider zombies
  A spiny frog (Lair:3)
  A hill giant zombie (D:10)
  A queen bee (D:9)
  Prince Ribbit (D:6)
  6 komodo dragons
  8 blink frogs
  A two-headed ogre (D:11)
  11 yaks
  A steam dragon (D:9)
  2 hippogriffs
  3 porcupines
  2 orc warriors
  3 sky beasts
  A yellow wasp (D:11)
  A manticore skeleton (D:6)
  A hippogriff zombie (D:6)
  5 ogres
  An ice beast (D:6)
  A troll zombie (D:11)
  2 phantoms
  5 crocodiles
  A yak zombie (D:6)
  A troll skeleton (D:11)
  The ghost of dyno the Charmwright, an average HESk (D:5)
  2 giant slugs
  6 giant frogs
  A big kobold (D:9)
  5 centaurs
  4 wargs (D:10)
  4 water moccasins
  A giant frog zombie (D:8)
  3 centaur skeletons
  3 agate snails
  22 killer bees
  A two-headed ogre skeleton (D:9)
  A killer bee zombie (D:5)
  8 wights
  An ogre zombie (D:8)
  6 crimson imps
  A sky beast zombie (D:11)
  4 hounds
  2 goliath beetles
  2 scorpions
  5 iguanas
  9 orc wizards
  4 worker ants
  A worker ant zombie (D:10)
  8 sheep (Lair:4)
  3 jellies
  Terence (D:3)
  A mummy (D:8)
  18 adders
  A giant centipede (Lair:3)
  An iguana zombie (D:6)
  An inept feature mimic (D:10)
  3 giant mites
  16 green rats
  2 worms
  2 giant eyeballs
  9 giant geckos
  An ooze (D:3)
  32 orcs
  A ball python (D:2)
  6 giant cockroaches
  11 goblins
  18 hobgoblins
  18 kobolds
  9 quokkas
  2 spectral orcs (Lair:1)
  27 bats
  3 giant newts
  A giant spore (D:6)
  A goblin skeleton (D:4)
  A hobgoblin zombie (D:7)
  22 jackals
  A kobold zombie (D:6)
  15 rats
  2 rat zombies (D:5)
  24 ballistomycetes
  2 fungi
432 creatures vanquished.

Vanquished Creatures (collateral kills)
  3 yaks (Lair:3)
3 creatures vanquished.

Vanquished Creatures (others)
  A chimera (Lair:3)
  An adder (D:7)
  4 orcs
  A ball python (D:2)
  A hobgoblin (D:7)
  A kobold (D:2)
  4 giant spores
  A jackal (Lair:2)
  A fungus (Lair:4)
  A plant (D:11)
16 creatures vanquished.

Grand Total: 451 creatures vanquished

Notes
Turn   | Place    | Note
--------------------------------------------------------------
     0 | D:1      | JacquesDerrida, the Kobold Hunter, began the quest for the Orb.
     0 | D:1      | Reached XP level 1. HP: 12/12 MP: 0/0
   132 | D:1      | Reached skill level 1 in Short Blades
   217 | D:1      | Reached XP level 2. HP: 12/17 MP: 1/1
   768 | D:1      | Reached XP level 3. HP: 16/21 MP: 2/2
  1512 | D:2      | Reached XP level 4. HP: 22/27 MP: 3/3
  2570 | D:3      | Noticed Terence
  2586 | D:3      | Killed Terence
  2586 | D:3      | Reached XP level 5. HP: 21/32 MP: 4/4
  2839 | D:3      | Found a glowing silver altar of Zin.
  3310 | D:4      | Reached XP level 6. HP: 16/37 MP: 5/5
  3599 | D:4      | Reached skill level 5 in Fighting
  3694 | D:4      | Reached skill level 5 in Dodging
  3919 | D:4      | Found a staircase to the Ecumenical Temple.
  3963 | Temple   | Entered the Ecumenical Temple
  3978 | Temple   | Became a worshipper of the Shining One
  4249 | D:4      | Found a bloodstained altar of Trog.
  4258 | D:4      | Got a fine zirconium amulet
  4259 | D:4      | Identified the amulet of the Original Sin {Inacc Contam rF++ MR++} (You found it on level 4 of the Dungeon)
  4353 | D:5      | Entered Level 5 of the Dungeon
  4472 | D:5      | Reached XP level 7. HP: 23/42 MP: 6/6
  4724 | D:5      | Reached skill level 6 in Fighting
  5016 | D:5      | Reached XP level 8. HP: 35/48 MP: 7/7
  5029 | D:5      | Noticed dyno's ghost (average HESk)
  5207 | D:6      | Reached skill level 7 in Dodging
  5407 | D:6      | Reached skill level 1 in Evocations
  5423 | D:6      | Reached skill level 1 in Axes
  5764 | D:7      | Found a white marble altar of Elyvilon.
  6238 | D:7      | Got a brightly glowing war axe
  6239 | D:7      | Identified the +0,+4 war axe "Norhorcha" {chop, MR++} (You found it on level 7 of the Dungeon)
  6357 | D:7      | Found a shimmering altar of Xom.
  6357 | D:7      | Found a burning altar of Makhleb.
  6578 | D:6      | Noticed Prince Ribbit
  6793 | D:6      | Reached XP level 9. HP: 34/53 MP: 14/14
  6845 | D:6      | Reached skill level 8 in Dodging
  7005 | D:6      | Killed Prince Ribbit
  7005 | D:6      | Reached skill level 5 in Evocations
  7564 | D:6      | JacquesDerrida: На отдых больше пиети уходит, чем получаю, наверное
  7564 | D:6      | JacquesDerrida: Хе-хе
  7739 | D:6      | stonewall: А мне всегда казалось, что TSO дает пиети просто за то, что ты с ним бегаешь
  7819 | D:5      | JacquesDerrida: Это ашензари
  7819 | D:5      | stonewall: По крайней мере когда я его в начале беру, то звездочки появляются просто так, даже не после убийства нежити
  7819 | D:5      | JacquesDerrida: А ТСО так не делает с 0.9
  7819 | D:5      | JacquesDerrida: Теперь дает за обнаружение монстров
  7819 | D:5      | JacquesDerrida: А еще вот такой амулет нашелся:
  7819 | D:5      | stonewall: А, ну вот
  7819 | D:5      | JacquesDerrida: Злобный случай
  7819 | D:5      | JacquesDerrida: (((
  7819 | D:5      | stonewall: Класс
  7910 | D:5      | stonewall: Тебе надо +5 слеинга на точность набрать:)
  7956 | D:5      | stonewall: Чтобы этот Inacc нивелировать
  7957 | D:5      | JacquesDerrida: Да, но 5 слеинга не всегда доступно
  7957 | D:5      | stonewall: Угу
  7957 | D:5      | JacquesDerrida: Мой последний тенгу даже плаща +0 не нашел за 23 этажа, леир, шолс и волтс
  7957 | D:5      | JacquesDerrida: Про слеинг молчу
  8051 | D:5      | stonewall: Аура ТСО же сколько то +accuracy дает
  8059 | D:5      | JacquesDerrida: Три, кажется
  8059 | D:5      | JacquesDerrida: Контам опаснее
  8059 | D:5      | stonewall: Контам в 0.13 не так работает
  8059 | D:5      | JacquesDerrida: Ну вот встречусь с некоксеком или глазом
  8059 | D:5      | JacquesDerrida: И что мне делать
  8059 | D:5      | JacquesDerrida: Пережидать радиоактивные осадки в том же резист муте
  8059 | D:5      | JacquesDerrida: Хе-хе
  8258 | D:5      | Killed dyno's ghost
  8258 | D:5      | Reached skill level 5 in Crossbows
  8259 | D:5      | JacquesDerrida: Высокие эвоки это хорошо, что ни говори
  8286 | D:7      | stonewall: Еще бы
  8346 | D:8      | JacquesDerrida: Не решил, перекачивать ли опыт из файтинга в арбалет
  8346 | D:8      | JacquesDerrida: Наверное нет
  8533 | D:8      | Acquired the Shining One's first power
  8549 | D:8      | Reached XP level 10. HP: 59/59 MP: 20/20
  8574 | D:8      | stonewall: А ты не играл на вебтайлах под другим ником?
  8574 | D:8      | JacquesDerrida: Вай
  8574 | D:8      | JacquesDerrida: Под селончиком, что ли
  8574 | D:8      | JacquesDerrida: Хе-хе
  8606 | D:8      | stonewall: Сразу узнал, лол
  8641 | D:8      | JacquesDerrida: Амулет ярости это тоже неплохо
  8641 | D:8      | JacquesDerrida: Но как-то мало
  8643 | D:8      | stonewall: Когда получаешь хало, сразу включается ощущение "Я круче всех"
  8690 | D:8      | stonewall: Это генетическая память минотавра-файтера ТСО 27 уровня
  8934 | D:8      | JacquesDerrida: Коллективное яростное
  8959 | D:8      | Found a shimmering altar of Xom.
  9068 | D:8      | JacquesDerrida: Можно под яростью забить, наверное
  9068 | D:8      | JacquesDerrida: Хотя не уверен
  9068 | D:8      | stonewall: >+3 на эвоки
  9068 | D:8      | stonewall: >+4 на стелс
  9068 | D:8      | JacquesDerrida: Эвоки буду перекачивать в арбалет ашей
  9068 | D:8      | JacquesDerrida: Самое дешевое
  9068 | D:8      | JacquesDerrida: Если что, можно будет снова набрать
  9068 | D:8      | stonewall: Зачем? Эвоки всегда хороши
  9068 | D:8      | JacquesDerrida: Да, карлик с песей головой это сила
  9068 | D:8      | JacquesDerrida: Ну так быстрее выйдет
  9068 | D:8      | JacquesDerrida: В арбалетах ведь +2
  9068 | D:8      | JacquesDerrida: 10 эвоков станет 13 в арбалетах
  9068 | D:8      | JacquesDerrida: Хе-хе
  9068 | D:8      | JacquesDerrida: Или около того
  9068 | D:8      | JacquesDerrida: Может даже 11.5
  9086 | D:8      | JacquesDerrida: Вау
  9086 | D:8      | JacquesDerrida: Сознание потерял
  9090 | D:8      | Reached skill level 9 in Evocations
  9104 | D:8      | Found a blossoming altar of Fedhas.
  9106 | D:8      | stonewall: Ну да, ради единички скилла стоит терпеть гнев ТСО
  9116 | D:8      | JacquesDerrida: Почему гнев
  9116 | D:8      | JacquesDerrida: ТСО не гневается на ашу
  9116 | D:8      | JacquesDerrida: Только на трога, живу и других злобных вонючек
  9397 | D:9      | Found a basalt altar of Yredelemnul.
  9519 | D:8      | JacquesDerrida: А какая минимальная задержка у арбалета?
  9519 | D:8      | JacquesDerrida: Чет мне кажется, что там ничего хорошего
  9660 | D:9      | stonewall: Понятия не имею
  9662 | D:9      | JacquesDerrida: 1.4
  9662 | D:9      | stonewall: Силу качать надо
  9662 | D:9      | JacquesDerrida: Это почти как экзеком размахивать с низким навыком
  9754 | D:9      | Reached skill level 10 in Evocations
 10364 | D:9      | JacquesDerrida: Да сколько же их тут
 10508 | D:7      | JacquesDerrida: Ой
 10508 | D:7      | JacquesDerrida: И не отменить (((
 10731 | D:10     | Entered Level 10 of the Dungeon
 10783 | D:10     | Noticed a five-headed hydra skeleton
 10822 | D:10     | Reached skill level 11 in Evocations
 10922 | D:10     | Found a deep blue altar of Sif Muna.
 10961 | D:10     | Reached XP level 11. HP: 41/64 MP: 24/24
 10967 | D:10     | Noticed a hill giant
 10972 | D:10     | JacquesDerrida: Жаль свифтнесса нет
 10972 | D:10     | JacquesDerrida: Самое полезное заклинание
 11121 | D:9      | Found a snail-covered altar of Cheibriados.
 11242 | D:10     | Found Smaafir's Distillery.
 11248 | D:10     | Bought a potion of might for 32 gold pieces
 11248 | D:10     | Bought a potion of speed for 71 gold pieces
 11248 | D:10     | Bought a potion of resistance for 91 gold pieces
 11248 | D:10     | Bought a potion of curing for 26 gold pieces
 11248 | D:10     | Bought a potion of heal wounds for 39 gold pieces
 11309 | D:10     | JacquesDerrida: Ура
 11464 | D:10     | Killed a five-headed hydra skeleton
 11464 | D:10     | Reached skill level 10 in Crossbows
 11632 | D:10     | Found a staircase to the Orcish Mines.
 11645 | D:10     | Reached skill level 12 in Evocations
 11701 | D:10     | stonewall: Новые спеллы скальда, кстати, так себе
 11712 | D:10     | stonewall: Во основном ману жрут как не в себя
 11715 | D:10     | stonewall: Не убежать потом
 11715 | D:10     | JacquesDerrida: В этом идея, наверное
 11715 | D:10     | JacquesDerrida: Скальду некуда ману девать
 11753 | D:10     | stonewall: На низких уровнях, пожалуй, +50 к хп за счет это неплохо
 11758 | D:10     | stonewall: за счет маны*
 11807 | D:10     | JacquesDerrida: Может и правда с шайненк ваном остаться
 11807 | D:10     | JacquesDerrida: Вроде он клевый парень
 11879 | D:10     | Acquired the Shining One's second power
 12198 | D:10     | JacquesDerrida: С ним аптитуда стелса пропадет даром
 12220 | D:11     | Noticed a hill giant
 12221 | D:11     | JacquesDerrida: Удачно
 12232 | D:10     | Killed a hill giant
 12248 | D:11     | Noticed an unseen horror
 12255 | D:11     | Killed an unseen horror
 12255 | D:11     | Reached skill level 13 in Evocations
 12326 | D:11     | Noticed a hill giant
 12328 | D:11     | Killed a hill giant
 12556 | D:11     | JacquesDerrida: Это же спрайт шейпшифтера
 12642 | D:11     | Got a smoking spear
 12643 | D:11     | Identified the cursed spear of Floods {pierce, Noisy rElec SInv Stlth--} (You found it on level 11 of the Dungeon)
 12974 | D:11     | Found a staircase to the Lair.
 13011 | Lair:1   | Entered Level 1 of the Lair of Beasts
 13014 | Lair:1   | stonewall: Но он же ужасный зануда
 13014 | Lair:1   | JacquesDerrida: Да, еще и мусульманин
 13044 | Lair:1   | Paralysed by a potion of paralysis for 4 turns
 13580 | Lair:1   | Reached XP level 12. HP: 67/69 MP: 27/27
 13695 | Lair:1   | Noticed Nergalle
 13699 | Lair:1   | Killed Nergalle
 13790 | Lair:1   | Noticed nago's ghost (powerful LOSk)
 13796 | Lair:1   | Killed nago's ghost
 13796 | Lair:1   | Reached skill level 14 in Crossbows
 14256 | Lair:2   | Reached skill level 15 in Crossbows
 14817 | Lair:2   | Got a heavily runed ring mail
 14818 | Lair:2   | Identified the +5 ring mail of the Vacuum {Acc+3} (You found it on level 2 of the Lair of Beasts)
 14908 | Lair:2   | Noticed a four-headed hydra
 14998 | Lair:2   | Killed a four-headed hydra
 14998 | Lair:2   | Reached skill level 16 in Crossbows
 15741 | Lair:3   | Found a staircase to the Shoals.
 15871 | Lair:3   | Reached skill level 17 in Crossbows
 16005 | Lair:3   | Found a dark tunnel.
 16016 | Volcano  | Entered a volcano
 16021 | Volcano  | Noticed an ogre mage
 16685 | Lair:5   | HP: 3/69 [komodo dragon (15)]
 16848 | Lair:5   | Slain by a spiny frog

Action                   |  1- 3 |  4- 6 |  7- 9 | 10-12 || total
-------------------------+-------+-------+-------+-------++-------
Melee: Short sword       |   158 |    54 |       |       ||   212
       Dagger            |       |    38 |       |       ||    38
       Hand axe          |       |   123 |   402 |   509 ||  1034
 Fire: Crossbow          |       |    31 |    36 |   374 ||   441
Throw: Dagger            |       |       |     1 |       ||     1
 Abil: Evoke Berserk Rag |       |       |     1 |     5 ||     6
Evoke: Wand              |       |       |    36 |    77 ||   113
       Miscellaneous     |       |       |       |     1 ||     1
  Use: Scroll            |     2 |     2 |    22 |    12 ||    38
       Potion            |       |       |     6 |    17 ||    23
 Stab: Sleeping          |     2 |     3 |     1 |       ||     6
       Distracted        |       |     1 |     1 |     1 ||     3
